 Dungeon Crawl Stone Soup version 0.18-a0-1702-gd20c6a5 (webtiles) character file.

673 4thArraOfDagon the Cleaver (level 7, 0/63 HPs)
             Began as a Hill Orc Berserker on Apr 6, 2016.
             Was a Believer of Trog.
             Slain by an orc warrior
             ... wielding a +0 war axe
              (11 damage)
             ... on level 6 of the Dungeon.
             The game lasted 00:04:03 (857 turns).

4thArraOfDagon the Cleaver (Hill Orc Berserker)      Turns: 857, Time: 00:04:03

Health: 0/63       AC:  6    Str: 20 (22) XL:     7   Next: 59%
Magic:  6/6        EV: 11    Int:  6 (7)  God:    Trog [**....]
Gold:   109        SH:  0    Dex:  9 (12) Spells: 0 memorised, 6 levels left

rFire  . . .     SeeInvis .     a - +0 hand axe
rCold  . . .     Gourm    +     e - +0 ring mail
rNeg   . . .     Faith    .     (no shield)
rPois  .         Spirit   .     (no helmet)
rElec  .         Dismiss  .     (no cloak)
rCorr  .         Reflect  .     (no gloves)
SustAt .         Harm     .     (no boots)
MR     .....                    b - amulet of the gourmand
Stlth  +.........               (no ring)
                                (no ring)

@: exhausted, slowed, very slow, not resistant to hostile enchantments, very
unstealthy
A: thin skeletal structure 1, blurry vision 1, low mp 1, sense surroundings 1,
subdued magic 1
a: Berserk, Trog's Hand, Burn Spellbooks, Renounce Religion


You were on level 6 of the Dungeon.
You worshipped Trog.
Trog was pleased with you.
You were not hungry.

You visited 1 branch of the dungeon, and saw 6 of its levels.
You also visited: Ossuary.

You collected 109 gold pieces.

Inventory:

Hand Weapons
 a - a +0 hand axe (weapon)
Armour
 e - a +0 ring mail (worn)
Jewellery
 b - an amulet of the gourmand (around neck)
Scrolls
 f - 2 scrolls of teleportation
Comestibles
 c - a bread ration
 g - 4 chunks of flesh
 h - 2 meat rations


   Skills:
 + Level 6.0 Fighting
 * Level 8.6 Axes
 + Level 4.6 Armour
 - Level 1.5 Dodging


You had 6 spell levels left.
You didn't know any spells.

Dungeon Overview and Level Annotations

Branches:
Dungeon (6/15)
 Temple: D:4-7

Altars:

Shops:
D:5 [


Innate Abilities, Weirdness & Mutations

You have a somewhat thin skeletal structure (Dex +2, Stealth).
Scrolls take you a little longer to read.
Your magical capacity is low (-10% MP).
You passively map a small area around you.
Your spells are a little easier to cast, but a little less powerful.


Message History

You are no longer berserk.
You are exhausted.
You feel yourself slow down.
Unknown command.
Unknown command.
Drink which item? (? for menu, Esc to quit)
It was a potion of degeneration.
There was something very wrong with that liquid.
You feel weakened.
You feel dopey.
You feel clumsy.
The orc warrior hits you with a war axe!!
* * * LOW HITPOINT WARNING * * *
Unknown command.
Unknown command.
You're too confused!
The orc warrior closely misses you.
Unknown command.
Unknown command.
You feel less confused.
The orc warrior hits you with a war axe!
You die...

##..... * .#..# ##...) *
.#..##### ##... ....,..#
##.# , * #..# #.# #.#
#..###.###########.# *,
#..##.......#......#
#..#..#.....#......#
#..@.###...........# * *
#####Yo##.#.....#.......
≈
#.....##*#.##...........
#.####.# ###..#.#####.#.
#....)≈.#*#.#.#.# #.#. *
#......#.#.##<#.# #.#.
#..........,#.#.# **#.#.
* #.........>...#.. #.#
, #.z....##.### ,..#


You could see an orc warrior and a sky beast.

Vanquished Creatures
  Menkaure (D:4)
  A sky beast (D:5)
  A phantom (D:4)
  An ogre (D:6)
  A giant frog (D:6)
  A crimson imp (D:5)
  A giant frog skeleton (D:6)
  2 orc priests (D:5)
  An orc wizard (D:5)
  A worker ant (D:6)
  2 adders (D:2)
  2 adder skeletons (D:4)
  A worm (D:2)
  A dart slug (D:3)
  3 giant geckos
  3 orcs
  A giant cockroach (D:3)
  2 hobgoblins
  6 jackals
  A kobold (D:3)
  3 bats
  3 giant newts
39 creatures vanquished.

Notes
Turn   | Place    | Note
--------------------------------------------------------------
     0 | D:1      | 4thArraOfDagon the Hill Orc Berserker began the quest for the Orb.
     0 | D:1      | Reached XP level 1. HP: 19/19 MP: 1/1
    69 | D:1      | Reached XP level 2. HP: 27/27 MP: 2/2
   140 | D:2      | Reached XP level 3. HP: 14/33 MP: 3/3
   159 | D:2      | Reached skill level 5 in Axes
   307 | D:4      | Noticed Menkaure
   315 | D:4      | Killed Menkaure
   315 | D:4      | Reached skill level 6 in Axes
   315 | D:4      | Reached XP level 4. HP: 22/41 MP: 4/4
   315 | D:4      | Reached XP level 5. HP: 26/47 MP: 5/5
   336 | D:4      | Noticed a phantom
   376 | D:4      | Found a sand-covered staircase.
   385 | Ossuary  | Entered an ossuary
   413 | D:4      | Killed a phantom
   413 | D:4      | Reached skill level 5 in Fighting
   413 | D:4      | Reached XP level 6. HP: 35/56 MP: 6/6
   437 | D:3      | Reached ** piety under Trog
   551 | D:5      | Entered Level 5 of the Dungeon
   551 | D:5      | Noticed a sky beast
   562 | D:5      | Killed a sky beast
   562 | D:5      | Reached skill level 7 in Axes
   568 | D:5      | Gained mutation: Your spells are a little easier to cast, but a little less powerful. [mutagenic meat]
   569 | D:5      | Gained mutation: Your magical capacity is low (-10% MP). [mutagenic meat]
   570 | D:5      | Gained mutation: Scrolls take you a little longer to read. [mutagenic meat]
   571 | D:5      | Gained mutation: You have a somewhat thin skeletal structure (Dex +2, Stealth). [mutagenic meat]
   572 | D:5      | Gained mutation: You passively map a small area around you. [mutagenic meat]
   585 | D:5      | Found Edixuen's Antique Armour Shop.
   630 | D:5      | Reached XP level 7. HP: 54/61 MP: 6/6
   767 | D:6      | Reached skill level 8 in Axes
   857 | D:6      | Slain by an orc warrior

Vault maps used:
D:1:      scummos_arrival_simple_fountains, nemelex_xobeh_ov_fountains_minmay
D:2:      old_standard_altar, serial_bayou_pond_d, uniq_crazy_yiuf_cottage
D:3:      corexii_shack_village
D:4:      lemuel_blue_sif_altar, first_bread, enter_ossuary_1,
          serial_corexii_hall, corexii_hall_statues_i, corexii_hall_statues_t,
          minmay_splitting_lines, eino_small_chamber_without_monster,
          uniq_menkaure
D:5:      serial_shops, shop_statue
D:6:      minmay_temple_entry_fiery, lightli_sewer_entry_pipes
Ossuary:  ossuary_minmay_scorpions

Skill      XL: |  1  2  3  4  5  6  7 |
---------------+----------------------+-----
Fighting       | 4 5 6 |  6.0
Axes           | 6 7 8 |  8.6
Armour         | 3 4 |  4.6
Dodging        | |  1.5

Action                   |  1- 3 |  4- 6 |  7- 9 || total
-------------------------+-------+-------+-------++-------
Melee: Hand axe          |    59 |    58 |    27 ||   144
Invok: Berserk           |     3 |     3 |     3 ||     9
       Trog's Hand       |       |     1 |       ||     1
  Use: Potion            |     3 |       |     1 ||     4
       Scroll            |     3 |       |       ||     3
 Stab: Sleeping          |     2 |       |       ||     2
       Invisible         |     1 |       |       ||     1
  Eat: Chunk             |       |     8 |    11 ||    19
       Pizza             |       |     1 |       ||     1
